Map: Automaton LE

Players

nosam

  • Race: Zerg Zerg
  • League: Master
  • Spawn Location: 9:00

WinterSC - Winner!

  • Race: Terran Terran
  • League: Master
  • Spawn Location: 3:00

VOD

Have the link to the VOD?

Description

Time

  • Played on: Dec. 25, 2018, 11:16 p.m.
  • Length: 13:40
Show
View Real Time Build Order
Export as new Build Order

nosam Zerg 

Build Orders: Hatch First 

Get SALT Encoding   

  12  0:00  Drone  
  13  0:09  Drone  
  14  0:19  Overlord  
  14  0:23  Extractor  
  14  0:25  Drone  
  15  0:38  Drone x2  
  17  0:46  Drone  
  18  1:02  Hatchery  
  17  1:08  Drone  
  17  1:09  Drone  
  19  1:20  Extractor  
  19  1:22  Spawning Pool  
  17  1:26  Drone  
  18  1:37  Overlord  
  18  1:39  Drone  
  18  1:49  Drone  
  19  2:06  Drone  
  20  2:09  Queen  
  20  2:11  Zergling x2  
  20  2:14  Queen  
  20  2:15  Zergling x2  
  26  2:21  Metabolic Boost  
  26  2:23  Drone  
  26  2:28  Zergling x2  
  28  2:31  Drone  
  29  2:42  Drone x2  
  31  2:49  Overlord  
  30  3:06  Drone x2  
  30  3:10  Drone x2  
  30  3:11  Hatchery  
  33  3:20  Drone x4  
  33  3:26  Drone  
  33  3:27  Drone x2  
  40  3:41  Drone x4  
  44  3:52  Overlord x2  
  44  3:58  Pneumatized Carapace  
  44  4:08  Roach Warren, Queen  
  44  4:09  Extractor  
  44  4:11  Zergling x6  
  44  4:12  Extractor  
  46  4:21  Drone x2  
  48  4:31  Drone x5  
  48  4:32  Drone  
  54  4:39  Evolution Chamber  
  54  4:41  Queen  
  57  4:47  Lair  
  57  4:49  Overlord x3  
  55  4:57  Spore Crawler  
  55  4:58  Extractor, Spore Crawler  
  52  5:01  Spore Crawler  
  51  5:08  Drone x3  
  51  5:09  Drone x4  
  51  5:12  Drone  
  59  5:18  Spore Crawler  
  59  5:19  Spore Crawler  
  46  5:44  Spore Crawler  
  45  5:51  Drone x5  
  45  5:53  Queen x2  
  45  5:55  Glial Reconstitution, Hydralisk Den  
  53  6:10  Roach x5  
  63  6:13  Zerg Missile Weapons Level 1  
  63  6:29  Hydralisk x2  
  63  6:31  Overlord  
  63  6:32  Overlord x2  
  61  6:50  Overlord x4  
  55  7:05  Grooved Spines  
  55  7:10  Drone x6  
  61  7:17  Hatchery  
  61  7:22  Hydralisk  
  58  7:33  Hydralisk x3  
  64  7:41  Hydralisk  
  64  7:42  Hydralisk x2  
  70  7:49  Hydralisk x2  
  70  7:50  Spore Crawler  
  73  8:01  Hydralisk x2  
  75  8:11  Hydralisk x2  
  79  8:17  Muscular Augments  
  73  8:23  Hydralisk x3  
  75  8:35  Drone x3  
  78  8:44  Hatchery  
  77  8:50  Drone x3  
  77  8:52  Drone  
  81  9:04  Overlord x3  
  81  9:10  Zerg Ground Armor Level 1  
  81  9:22  Overlord x3  
  81  9:26  Hydralisk  
  81  9:29  Hydralisk  
  85  9:41  Hydralisk x3  
  80  10:00  Roach x6  
  76  10:11  Roach x3  
  72  10:20  Roach x3  
  78  10:28  Hydralisk x2  
  82  10:39  Hydralisk x3  
  88  10:53  Hydralisk x3  
  94  11:05  Hydralisk x3  
  94  11:08  Hydralisk  
  102  11:18  Hydralisk x2  
  93  11:40  Hydralisk  
  93  11:41  Hydralisk  
  93  11:46  Roach  
  93  11:47  Roach  
  101  11:50  Hatchery  
  100  11:57  Hydralisk  
  100  11:58  Hydralisk  
  78  12:04  Roach  
  78  12:05  Roach  
  66  12:14  Hydralisk x2  
  66  12:20  Roach  
  62  12:29  Hydralisk x2  
  58  12:38  Roach x3  
  56  12:45  Hydralisk  
  56  12:48  Roach  
  60  12:53  Hydralisk  
  60  12:56  Hydralisk  
  64  13:01  Hydralisk  
  66  13:09  Roach x2  
  58  13:14  Roach  
Show
View Real Time Build Order
Export as new Build Order

WinterSC Terran - Winner!

Build Orders: Gas First Reaper Expand, Mech 

Get SALT Encoding   

  12  0:01  SCV  
  13  0:13  SCV  
  14  0:18  Supply Depot  
  14  0:25  SCV  
  15  0:29  Refinery  
  15  0:39  SCV  
  16  0:45  Barracks  
  16  0:52  SCV  
  17  1:04  SCV  
  18  1:16  SCV  
  19  1:32  Orbital Command  
  19  1:33  Reaper  
  20  1:52  Command Center  
  20  2:02  Factory  
  20  2:05  SCV  
  21  2:10  Barracks Reactor  
  21  2:16  Refinery  
  21  2:18  SCV  
  22  2:26  Supply Depot  
  22  2:30  SCV  
  23  2:46  Starport  
  23  2:47  SCV  
  24  2:54  Barracks Tech Lab  
  24  3:04  Hellion x2  
  28  3:07  Orbital Command  
  28  3:09  SCV  
  29  3:21  SCV  
  29  3:26  Fusion Core  
  30  3:31  Viking  
  32  3:34  SCV  
  32  3:37  SCV  
  34  3:46  SCV  
  35  3:48  Weapon Refit  
  35  3:49  SCV, Hellion x2  
  40  3:58  SCV  
  40  4:01  SCV, Refinery  
  42  4:05  Supply Depot  
  42  4:11  SCV  
  42  4:13  Supply Depot  
  42  4:14  SCV  
  44  4:27  Battlecruiser  
  44  4:28  SCV  
  44  4:29  SCV  
  52  4:38  Supply Depot  
  52  4:40  SCV  
  52  4:41  SCV  
  54  4:47  Hellion  
  54  4:48  Hellion  
  58  4:52  Refinery  
  58  4:55  SCV  
  58  4:56  SCV  
  60  5:01  Armory  
  60  5:02  Supply Depot  
  60  5:08  SCV  
  61  5:14  Hellion  
  61  5:15  SCV, Hellion  
  61  5:20  SCV  
  67  5:27  SCV  
  63  5:43  Hellion  
  63  5:44  Hellion  
  63  5:47  Command Center  
  63  5:48  Factory  
  67  5:55  Hellion x2  
  67  5:56  Terran Vehicle And Ship Armor Level 1  
  67  5:58  Battlecruiser  
  73  6:05  SCV x2  
  75  6:12  Factory  
  75  6:20  Hellion x2  
  77  6:28  SCV  
  78  6:35  SCV  
  69  6:55  Mag-Field Accelerator, Hellion  
  69  6:56  Factory Tech Lab, Hellion  
  69  6:57  SCV  
  74  7:02  Battlecruiser  
  74  7:04  Orbital Command  
  74  7:07  Factory Tech Lab  
  80  7:08  Factory  
  80  7:18  Cyclone  
  80  7:19  Factory, SCV  
  84  7:28  Orbital Command  
  84  7:31  Hellion x4  
  84  7:36  Cyclone  
  87  7:39  SCV  
  88  7:50  Siege Tank  
  88  7:51  Refinery  
  91  7:53  Factory Tech Lab  
  91  7:55  SCV x2  
  91  7:56  Supply Depot  
  91  7:57  Supply Depot  
  93  8:04  Hellion  
  93  8:07  Factory Tech Lab  
  93  8:17  Cyclone, SCV x3, Hellion  
  101  8:29  SCV x3  
  101  8:31  Siege Tank  
  107  8:41  SCV x2  
  107  8:43  Terran Vehicle And Ship Armor Level 2  
  107  8:47  Supply Depot x2  
  107  8:48  Cyclone, Siege Tank, SCV  
  116  8:49  Cyclone  
  116  8:53  SCV x2  
  121  9:00  SCV  
  122  9:04  Infernal Pre-Igniter  
  122  9:06  SCV x2  
  124  9:12  SCV  
  124  9:16  Refinery, Hellion x2  
  129  9:20  Cyclone  
  132  9:25  Cyclone x2  
  132  9:28  Supply Depot  
  138  9:37  Engineering Bay  
  138  9:48  Cyclone  
  138  9:49  Hellion x2  
  139  10:09  Cyclone x2  
  145  10:15  Cyclone  
  145  10:16  SCV  
  149  10:26  Supply Depot  
  149  10:28  Supply Depot  
  149  10:30  Command Center  
  149  10:44  Starport  
  149  10:45  SCV x3  
  149  10:46  Command Center, Hellion x2  
  149  10:48  Hellion  
  158  10:55  Siege Tank  
  158  10:56  Hellbat x2, Raven  
  167  10:57  Missile Turret  
  167  11:03  Missile Turret  
  167  11:09  Cyclone  
  170  11:19  Cyclone  
  170  11:24  Hellion  
  170  11:25  Hellion  
  173  11:30  Cyclone, Supply Depot  
  165  11:33  Siege Tank  
  165  11:38  Supply Depot  
  166  11:41  Cyclone, Missile Turret  
  166  11:46  Missile Turret  
  169  11:51  Cyclone  
  154  12:05  Hellion x2  
  154  12:06  Cyclone  
  157  12:10  SCV  
  156  12:18  Hellion x2  
  158  12:24  Hellion  
  160  12:32  SCV x2  
  156  12:41  Hellion x5  
  163  12:45  Hellion  
  165  12:55  Missile Turret  
  165  12:56  SCV  
  164  12:59  Missile Turret  
  164  13:01  Refinery  
  164  13:02  Refinery, Siege Tank, Hellion  
  164  13:03  Orbital Command  
  164  13:04  Starport Tech Lab  
  169  13:06  Missile Turret  
  169  13:07  Missile Turret  
  161  13:15  Hellion x3  
Tags
 
Add a new tag
Caveats
  • Supply blocks, unpowered buildings, or Contaminate may cause inaccurate times.
  • Supply counts are checked every 10 seconds.